 Dungeon Crawl Stone Soup version 0.17-a0-1181-gabc46e6 (webtiles) character file.

93 Fluffy the Skirmisher (level 4, -2/38 HPs)
             Began as a Demonspawn Fighter on May 31, 2015.
             Slain by an orc wizard
             ... wielding a +0 dagger of speed
              (4 damage)
             ... on level 3 of the Dungeon.
             The game lasted 00:03:39 (1604 turns).

Fluffy the Skirmisher (Demonspawn Fighter)          Turns: 1604, Time: 00:03:40

Health: -2/38      AC: 10    Str: 17    XL:     4   Next: 36%
Magic:  4/4        EV:  6    Int: 10    God:
Gold:   34         SH:  8    Dex: 12    Spells: 0 memorised, 3 levels left

rFire  . . .     SeeInvis .     a - +0 long sword
rCold  . . .     Clarity  .     b - +0 scale mail
rNeg   . . .     SustAt   .     c - +0 shield
rPois  .         Gourm    .     l - +0 helmet
rElec  .         Spirit   .     (no cloak)
rCorr  .         Warding  .     (no gloves)
rMut   .         Stasis   .     (no boots)
MR     .....                    (no amulet)
Stlth  ..........               (no ring)
                                (no ring)

@: not resistant to hostile enchantments, extremely unstealthy
A: rugged brown scales 2
a: no special abilities


You were on level 3 of the Dungeon.
You were hungry.

You visited 1 branch of the dungeon, and saw 3 of its levels.

You collected 34 gold pieces.

Inventory:

Hand weapons
 a - a +0 long sword (weapon)
Armour
 b - a +0 scale mail (worn)
 c - a +0 shield (worn)
 l - a +0 helmet (worn)
Scrolls
 g - 2 scrolls of remove curse {unknown}
 j - 2 scrolls of identify {unknown}
Potions
 d - a potion of might
 f - 2 potions of lignification {unknown}
 h - a potion of mutation {unknown}
 k - a potion of haste {unknown}
 o - a potion of cancellation {unknown}
Comestibles
 e - 2 bread rations
 i - a royal jelly
 m - 4 fruits


   Skills:
 + Level 4.1 Fighting
 + Level 2.6 Long Blades
 + Level 3.3 Armour
 - Level 2.6 Shields


You had 3 spell levels left.
You didn't know any spells.

Dungeon Overview and Level Annotations

Branches:
Dungeon (3/15)

Altars:


Innate Abilities, Weirdness & Mutations

You are mostly covered in rugged brown scales (AC +2, +5% HP).


Message History

Something hits you but does no damage.
You miss something. Something completely misses you.
You miss something. Something hits you but does no damage.
You completely miss something. Something completely misses you.
Something hits you but does no damage.
You barely miss something. Something hits you.
* * * LOW HITPOINT WARNING * * *
Something hits you.
* * * LOW HITPOINT WARNING * * *
Something hits you but does no damage.
You closely miss something.
An orc wizard appears from thin air!
Reactivating autopickup.
The orc wizard hits you but does no damage. x2
Your shield and scale mail prevent you from hitting the orc wizard.
The orc wizard is moderately wounded.
The orc wizard gestures at you while chanting.
The puff of frost hits you!
* * * LOW HITPOINT WARNING * * *
The orc wizard hits you with a dagger of speed.
You die...

..# #. .# ....
.. #..
....##..#.#
........#.#
....... ..#####
......) #.....#
.#.....##.....#
......ro@.....#
.##...###.....#
#...###.....#
.........#####
......#####
###.


You could see an orc wizard and a rat.

Vanquished Creatures
  An orc wizard (D:3)
  3 adders (D:2)
  A worm (D:2)
  2 giant geckos
  An orc (D:3)
  9 bats
  3 giant cockroaches
  2 hobgoblins
  2 kobolds (D:2)
  2 giant newts
  4 goblins
  6 rats
36 creatures vanquished.

Notes
Turn   | Place    | Note
--------------------------------------------------------------
     0 | D:1      | Fluffy the Demonspawn Fighter began the quest for the Orb.
     0 | D:1      | Reached XP level 1. HP: 18/18 MP: 1/1
   326 | D:1      | Gained mutation: You are partially covered in rugged brown scales (AC +1, +3% HP). [demonic ancestry]
   326 | D:1      | Reached XP level 2. HP: 18/24 MP: 2/2
   809 | D:2      | Gained mutation: You are mostly covered in rugged brown scales (AC +2, +5% HP). [demonic ancestry]
   809 | D:2      | Reached XP level 3. HP: 13/30 MP: 3/3
  1566 | D:2      | You fall through a shaft!
  1595 | D:3      | Reached skill level 4 in Fighting
  1595 | D:3      | Reached XP level 4. HP: 14/38 MP: 4/4
  1604 | D:3      | Slain by an orc wizard

Vault maps used:
D:1:      dpeg_arrival_connections, minmay_misc_feat_roman
D:2:      hangedman_decor_points, trog_three_pillars_becter
D:3:      first_bread

Action                   |  1- 3 |  4- 6 || total
-------------------------+-------+-------++-------
Melee: Long sword        |   152 |     9 ||   161
  Eat: Chunk             |     2 |       ||     2
